 Dungeon Crawl Stone Soup version 0.28-a0-1080-g05a166d0ed (webtiles) character file.

Game seed: 16638462118568675810

22 yoda5477 the Skirmisher (level 2, 0/24 HPs)
             Began as a Demonspawn Fighter on Dec 9, 2021.
             Slain by Terence (6 damage)
             ... on level 1 of the Dungeon.
             The game lasted 00:07:12 (1379 turns).

yoda5477 the Skirmisher (Demonspawn Fighter)        Turns: 1379, Time: 00:07:13

Health: 0/24       AC:  7    Str: 22    XL:     2   Next: 68%
Magic:  2/2        EV:  9    Int:  9    God:
Gold:   52         SH:  8    Dex: 12    Spells: 1/1 levels left

rFire   . . .      SeeInvis .   a - +0 war axe
rCold   . . .      Faith    .   c - +0 buckler
rNeg    . . .      Spirit   .   b - +0 scale mail
rPois   .          Reflect  .   (no helmet)
rElec   .          Harm     .   (no cloak)
rCorr   .          Rampage  .   k - +0 pair of gloves
Will    +....                   (no boots)
Stlth   ..........              (no amulet)
HPRegen 0.08/turn               e - ring of willpower
MPRegen 0.08/turn               o - +6 ring of strength

@: no status effects
A: condensation shield
a: no special abilities


You were on level 1 of the Dungeon.
You visited 1 branch of the dungeon, and saw 2 of its levels.

You collected 52 gold pieces.

Inventory:

Hand Weapons
 a - a +0 war axe (weapon)
 n - a +3 whip
Missiles
 f - 21 bolts
 i - 36 stones (quivered)
 m - 6 boomerangs
Armour
 b - a +0 scale mail (worn)
 c - a +0 buckler (worn)
 k - a +0 pair of gloves (worn)
Jewellery
 e - a ring of willpower (left hand)
 o - a +6 ring of strength (right hand)
Scrolls
 h - a scroll of identify {unknown}
Potions
 d - a potion of might
 g - 2 potions of heal wounds {unknown}
 j - a potion of flight {unknown}
 l - a potion of curing {unknown}


   Skills:
 - Level 3.0 Fighting
 * Level 2.6 Axes
 - Level 2.6 Armour
 + Level 3.0 Shields


You had one spell level left.
You didn't know any spells.
Your spell library was empty.

Dungeon Overview and Level Annotations

Branches:
Dungeon (2/15)

Altars:

Shops:
D:2 [

Annotations:
D:1 Terence


Innate Abilities, Weirdness & Mutations

A meltable shield of frost defends you. (SH +4)


Message History

Terence the Incautious comes into view.
He is wielding a +0 hand axe.
Terence shouts!
You hit Terence.
Terence is lightly wounded.
You hear a shout!
Terence hits you with a +0 hand axe. Terence barely misses you.
You barely miss Terence.
Terence is lightly wounded.
Terence hits you with a +0 hand axe.
You closely miss Terence.
Terence is lightly wounded.
A hobgoblin comes into view.
Terence completely misses you. You block Terence's attack.
The hobgoblin moves out of view.
Press: ? - help, v - describe, . - travel The floor.
You barely miss Terence.
Terence is lightly wounded.
Terence hits you with a +0 hand axe.
You slash Terence!
Terence is heavily wounded.
Terence hits you with a +0 hand axe!
* * * LOW HITPOINT WARNING * * *
Terence says, "How do you enjoy it?" Terence hits you but does no damage.
You see here a +0 club.
You see here a kobold corpse.
There is a stone staircase leading up here.
Terence barely misses you.
You climb upwards.
There is a stone staircase leading down here.
You hit Terence but do no damage.
Terence is heavily wounded.
Terence hits you with a +0 hand axe.
* * * LOW HITPOINT WARNING * * *
Terence hits you but does no damage.
Terence says, "Rest in peace."
Terence bares his teeth.
Terence hits you with a +0 hand axe.
You die...

#............#...#.# #....##.#.
#................#######..##.#.
#.....................##..##.#.
#...............#######.####.#.
#######'##...).......##.# #.#.
#.##.#..>#####.##.# #.#.
#.##.#.#..# #....# #.#.
#....#.##@######..# #.#.
######..@.#.......# #.#.
###########..# #.#. ####..#
#.#. #.....# #.#. ####.##..#
#.#. #....#...# #.#. #.####.###
#.#. #.##....# #.#. #....####
#.#.


You could see Terence.

Vanquished Creatures
  A dart slug (D:1)
  An endoplasm (D:1)
  5 goblins
  3 hobgoblins
  A quokka (D:1)
  A ball python (D:2)
  2 bats (D:1)
  A frilled lizard (D:1)
  A kobold (D:2)
  3 rats
19 creatures vanquished.

Vanquished Creatures (others)
  A minotaur (D:1)
  A demonspawn (D:1)
  A draconian (D:1)
  A gargoyle (D:1)
  2 elves (D:1)
  A formicid (D:1)
  2 vampires (D:1)
  A dwarf (D:1)
  2 orcs (D:1)
  2 fungi (D:1)
  13 tentacles (D:1)
27 creatures vanquished.

Grand Total: 46 creatures vanquished

Notes
Turn   | Place    | Note
-------+----------+-------------------------------------------
     0 | D:1      | yoda5477 the Demonspawn Fighter began the quest for the
                  | Orb.
     0 | D:1      | Reached XP level 1. HP: 18/18 MP: 1/1
     0 | D:1      | Noticed an elf
     0 | D:1      | Noticed a draconian
     0 | D:1      | Noticed a dwarf
     0 | D:1      | Noticed a demonspawn
     0 | D:1      | Noticed a kraken
     0 | D:1      | Noticed a vampire
     0 | D:1      | Noticed an elf
     0 | D:1      | Noticed a minotaur
     0 | D:1      | Noticed a gargoyle
     0 | D:1      | Noticed a vampire
     0 | D:1      | Noticed a formicid
     3 | D:1      | Killed a vampire
     6 | D:1      | Killed an elf
     6 | D:1      | Killed a draconian
     8 | D:1      | Killed a gargoyle
    10 | D:1      | Killed an elf
    11 | D:1      | Killed a demonspawn
    11 | D:1      | Killed a vampire
    11 | D:1      | Killed a dwarf
    12 | D:1      | Killed a minotaur
    16 | D:1      | Killed a formicid
   337 | D:1      | Found Inuogya's General Store.
   476 | D:1      | Gained mutation: A meltable shield of frost defends you.
                  | (SH +4) [demonic ancestry]
   476 | D:1      | Reached XP level 2. HP: 19/24 MP: 2/2
   620 | D:1      | You fall into a shaft and drop 1 floor!
   683 | D:2      | Found Axucopp's Armour Emporium.
   721 | D:1      | Found a faded altar of an unknown god.
  1311 | D:2      | Noticed Terence
  1379 | D:1      | Slain by Terence

Illustrated notes

Levels and vault maps discovered:
D:1:      nicolae_arrival_kraken_aquarium_a, layout_basic, serial_shops,
          nicolae_square_shop, shapermc_ecumenical_altar_ellora
D:2:      layout_loops_ring, serial_shops, nicolae_shop_hallway_stairs,
          uniq_terence

Skill      XL: |  1  2 |
---------------+-------+-----
Axes           | 2 |  2.6
Shields        | 3 |  3.0
Fighting       | |  3.0
Armour         | |  2.6

Action                   || total
-------------------------++-------
Melee: War axe           ||    92
Throw: Stone             ||     1
Armor: Scale mail        ||    47
Dodge: Dodged            ||    40
Block: Buckler           ||    45

Table legend: (Time is in decaauts)
 A = Elapsed time spent in this place.
 B = Non-inter-level travel time spent in this place.
 C = Inter-level travel time spent in this place.
 D = Time resting spent in this place.
 E = Time spent auto-exploring this place.
 F = Levels seen in this place.
 G = Mean time per level.
                   A        B        C        D        E       F      G
               +--------+--------+--------+--------+--------+-----+--------+
         Total |   1420 |   1389 |     31 |    264 |    576 |   2 |  710.0 |
       Dungeon |   1420 |   1389 |     31 |    264 |    576 |   2 |  710.0 |
               +--------+--------+--------+--------+--------+-----+--------+

Top non-repeatable levels by time:
     D:1: 1066 daAuts
     D:2: 354 daAuts
